 Dungeon Crawl Stone Soup version 0.30-a0-605-gb2882149bf (webtiles) character file.

Game seed: 1344032721183391491

19 porpoise the Chopper (level 2, -1/23 HPs)
             Began as a Formicid Gladiator on Jan 8, 2023.
             Slain by Sigmund
             ... wielding a +0 scythe
              (7 damage)
             ... on level 2 of the Dungeon.
             The game lasted 00:02:18 (666 turns).

porpoise the Chopper (Formicid Gladiator)            Turns: 666, Time: 00:02:19

Health: -1/23      AC:  5    Str: 18    XL:     2   Next: 95%
Magic:  2/2        EV: 12    Int:  7    God:
Gold:   53         SH:  0    Dex: 15    Spells: 1/1 levels left

rFire   + . .      SeeInvis +    a - +0 war axe
rCold   + . .      Faith    .    (no shield)
rNeg    . . .      Spirit   .    i - +2 robe {rC+ rF+}
rPois   .          Reflect  .    (helmet unavailable)
rElec   .          Harm     .    (no cloak)
rCorr   .          Rampage  .    g - +0 pair of gloves
Will    .....                    (no boots)
Stlth   +                        (no amulet)
HPRegen 0.23/turn                (no ring)
MPRegen 0.08/turn                (no ring)

@: confused
A: permanent stasis, dig shafts and tunnels, antennae 3, four strong arms
a: Dig, Shaft Self


You were on level 2 of the Dungeon.
You visited 1 branch of the dungeon, and saw 2 of its levels.

You collected 53 gold pieces.

Inventory:

Hand Weapons
 a - a +0 war axe (weapon)
Missiles
 c - 3 throwing nets (quivered)
 d - a javelin
 f - 3 poisoned darts
Armour
 b - a +0 leather armour
 e - a scarf of harm
 g - a +0 pair of gloves (worn)
 i - a +2 robe of resistance (worn)
Scrolls
 h - 2 scrolls of fear {unknown}


   Skills:
 + Level 2.6 Fighting
 * Level 3.6 Axes
 - Level 2.0 Throwing
 - Level 2.6 Dodging


You had one spell level left.
You didn't know any spells.
Your spell library was empty.

Dungeon Overview and Level Annotations

Branches:
Dungeon (2/15)

Altars:

Annotations:
D:2 Sigmund


Innate Abilities, Weirdness & Mutations

You cannot be hasted, slowed, berserked, paralysed or teleported.
You can dig through walls and to a lower floor.
You have a pair of large antennae on your head. (SInv)
Your four strong arms can wield two-handed weapons with a shield.


Message History

There is an open door here.
There is an open door here.
There is an open door here.
Things that are here:
a +0 club; a goblin skeleton Done exploring.
Done exploring.
(D) Dungeon
Where to? (? - help)
Things that are here:
a +0 club; a goblin skeleton
There is an open door here.
There is a stone staircase leading down here.
You climb downwards.
Sigmund shouts!
There is a stone staircase leading up here.
Sigmund is nearby!
You completely miss Sigmund. Sigmund hits you with a +0 scythe!
You hit Sigmund.
Sigmund is lightly wounded.
Sigmund gestures at you while chanting.
You are confused.
You're too confused to move!
Sigmund hits you but does no damage.
You aren't carrying any potions.
Unknown command.
You bump into the rock wall.
You aren't carrying any potions.
Sigmund closely misses you. Sigmund casts a spell at you.
You are more confused.
You bump into the rock wall.
Sigmund hits you from afar with a +0 scythe.
Sigmund casts a spell at you.
You are more confused.
You bump into the rock wall.
Sigmund hits you with a +0 scythe!
* * * LOW HITPOINT WARNING * * *
You slash Sigmund!
Sigmund is heavily wounded.
Sigmund hits you with a +0 scythe!
You die...

### #..
..##
#.##
#@<#
#.@#
#...#.#
##.##.#
#. #.#
# #.#
#.# #.#
#.# {
#.#


You could see Sigmund.

Vanquished Creatures
  2 endoplasms (D:1)
  2 goblins (D:1)
  3 hobgoblins (D:1)
  2 quokkas (D:1)
  A bat (D:1)
  A frilled lizard (D:1)
  4 kobolds (D:1)
  2 rats (D:1)
17 creatures vanquished.

Notes
Turn   | Place    | Note
-------+----------+-------------------------------------------
     0 | D:1      | porpoise the Formicid Gladiator began the quest for the
                  | Orb.
     0 | D:1      | Reached XP level 1. HP: 16/16 MP: 1/1
   159 | D:1      | Reached XP level 2. HP: 16/23 MP: 2/2
   655 | D:2      | Noticed Sigmund
   666 | D:2      | Slain by Sigmund

Illustrated notes

Levels and vault maps discovered:
D:1:      onia_arrival_pyramid, layout_basic
D:2:      layout_loops_ring, ebering_ecumenical_altar_webs, uniq_sigmund

Action                   || total
-------------------------++-------
Melee: War axe           ||    44
 Stab: Sleeping          ||     1
Armor: Robe              ||    10
       Leather armour    ||     1
Dodge: Dodged            ||    31

Table legend: (Time is in decaauts)
 A = Elapsed time spent in this place.
 B = Non-inter-level travel time spent in this place.
 C = Inter-level travel time spent in this place.
 D = Time resting spent in this place.
 E = Time spent auto-exploring this place.
 F = Levels seen in this place.
 G = Mean time per level.
                   A        B        C        D        E       F      G
               +--------+--------+--------+--------+--------+-----+--------+
         Total |    679 |    662 |     17 |     26 |    454 |   2 |  339.5 |
       Dungeon |    679 |    662 |     17 |     26 |    454 |   2 |  339.5 |
               +--------+--------+--------+--------+--------+-----+--------+

Top non-repeatable levels by time:
     D:1: 668 daAuts
     D:2: 11 daAuts
